 Dungeon Crawl Stone Soup version 0.22.1-1-ga44c0e5 (webtiles) character file.

121 Starchild the Chopper (level 4, -1/40 HPs)
             Began as a Deep Dwarf Fighter on Sept 27, 2018.
             Engulfed by a cloud of flame (24 damage)
             ... on level 2 of the Dungeon.
             The game lasted 00:03:48 (1415 turns).

Starchild the Chopper (Deep Dwarf Fighter)          Turns: 1415, Time: 00:03:48

Health: -1/40      AC:  6    Str: 19    XL:     4   Next: 76%
Magic:  4/4        EV: 14    Int:  9    God:
Gold:   185        SH:  0    Dex: 13    Spells: 3/3 levels left

rFire    . . .     SeeInvis .   a - +0 war axe
rCold    . . .     Gourm    .   (no shield)
rNeg     . . .     Faith    .   b - +0 scale mail
rPois    .         Spirit   .   (no helmet)
rElec    .         Reflect  .   (no cloak)
rCorr    .         Harm     .   (no gloves)
MR       .....                  (no boots)
Stlth    ..........             (no amulet)
HPRegen  0.00/turn              n - +5 ring of evasion
MPRegen  0.09/turn              (no ring)

@: non-regenerating
A: damage resistance, heal wounds, sense surroundings 1, no regeneration
a: Heal Wounds


You were on level 2 of the Dungeon.
You were not hungry.

You visited 1 branch of the dungeon, and saw 2 of its levels.

You collected 185 gold pieces.

Inventory:

Hand Weapons
 a - a +0 war axe (weapon)
Missiles
 k - 56 stones (quivered)
Armour
 b - a +0 scale mail (worn)
 c - a +0 shield
Jewellery
 n - a +5 ring of evasion (left hand)
Scrolls
 e - a scroll of identify {unknown}
 h - a scroll of teleportation {unknown}
 j - a scroll of amnesia {unknown}
Potions
 d - a potion of might
 g - a potion of lignification {unknown}
 i - a potion of haste {unknown}
 l - 2 potions of flight {unknown}
Comestibles
 f - 2 rations
 m - a chunk of flesh


   Skills:
 - Level 2.6 Fighting
 + Level 5.5 Axes
 - Level 3.2 Armour
 - Level 3.2 Shields


You had 3 spell levels left.
You didn't know any spells.
Your spell library was empty.

Dungeon Overview and Level Annotations

Branches:
Dungeon (2/15)

Altars:


Innate Abilities, Weirdness & Mutations

You are resistant to damage.
You can heal yourself by infusing magical energy.
You passively map a small area around you.
You do not regenerate.


Message History

Things that are here:
a club; a kobold corpse
k - 56 stones (gained 1) Put on which piece of jewellery? (? for menu, Esc to quit)
n - a +5 ring of evasion (left hand)
Things that are here:
a club; a kobold corpse Eating one of 2 chunks of flesh.
You eat one of the 2 chunks of flesh.
This raw flesh tastes terrible.
Found a stone staircase leading down.
There is a stone staircase leading up here.
You see here 22 bolts.
You now have 185 gold pieces (gained 9).
Found a spear.
Found a scroll labeled JEMUBL ROUKHAU, a white potion and 13 gold pieces.
Found a purple potion, a bubbling orange potion and a coppery potion.
Really walk into a travel-excluded area?
You are engulfed in blazing flames.
Ouch! That really hurt!
You die...

#........#
##.#
#.##.###.#
###...
#.#####...#
#...#. #.#
#§§.# #.#...
#.# #§§§#
#.##.# #.#
#§§§# #.##.#
#.#####...#
#.##..
#..§§§.?.).
..####
#..@§§.$.!.,
§..####
##.§§§.!!..
,§......
######...#
####### *
§§# # ,* * ,
* , *


There were no monsters in sight!

Vanquished Creatures
  Jessica (D:2)
  Robin (D:2)
  A gnoll (D:1)
  2 adders (D:2)
  2 dart slugs (D:2)
  A leopard gecko (D:1)
  A ball python (D:1)
  4 bats
  4 giant cockroaches
  5 hobgoblins
  4 jackals
  6 kobolds
  A quokka (D:2)
  A frilled lizard (D:1)
  13 goblins
  A rat (D:1)
48 creatures vanquished.

Notes
Turn   | Place    | Note
-------+----------+-------------------------------------------
     0 | D:1      | Starchild the Deep Dwarf Fighter began the quest for the
                  | Orb.
     0 | D:1      | Reached XP level 1. HP: 20/20 MP: 1/1
   122 | D:1      | Reached skill level 3 in Axes
   122 | D:1      | Reached XP level 2. HP: 25/27 MP: 2/2
   427 | D:1      | Reached XP level 3. HP: 31/33 MP: 3/3
   583 | D:1      | Reached skill level 4 in Axes
   857 | D:2      | Noticed Robin
   883 | D:2      | Killed Robin
   887 | D:2      | Reached XP level 4. HP: 24/40 MP: 4/4
  1064 | D:2      | Reached skill level 5 in Axes
  1199 | D:2      | Noticed Jessica
  1205 | D:2      | Killed Jessica
  1415 | D:2      | Engulfed by a cloud of flame

Skill      XL: |  1  2  3  4 |
---------------+-------------+-----
Axes           | 3 4 5 |  5.5
Fighting       | |  2.6
Armour         | |  3.2
Shields        | |  3.2

Action                   |  1- 3 |  4- 6 || total
-------------------------+-------+-------++-------
Melee: War axe           |    96 |    28 ||   124
 Abil: Heal Wounds       |     1 |       ||     1
  Eat: Chunk             |       |     2 ||     2
Armor: Scale mail        |    69 |    10 ||    79
Dodge: Dodged            |    76 |    17 ||    93
Block: Shield            |     1 |       ||     1
